Map: Vestígio Bel'Shir LE (Void)

Players

KILLERx

  • Race: Terran Terran
  • League: Silver
  • Spawn Location: 5:00

DuckKiller

  • Race: Terran Terran
  • League: Diamond
  • Spawn Location: 11:00

NightKnight

  • Race: Protoss Protoss
  • League: Diamond

efelinto

  • Race: Protoss Protoss

VOD

Have the link to the VOD?

Description

Time

  • Played on: April 8, 2017, 2:31 p.m.
  • Length: 13:11
Show
View Real Time Build Order
Export as new Build Order

KILLERx Terran 

Build Orders:  

Get SALT Encoding   

  12  0:01  SCV  
  13  0:14  Supply Depot  
  13  0:17  SCV  
  14  0:29  SCV  
  15  0:40  Barracks  
  15  0:41  SCV  
  16  0:47  Refinery  
  16  1:00  SCV  
  17  1:12  SCV  
  18  1:24  SCV  
  19  1:35  Command Center  
  19  1:38  Barracks Reactor  
  19  1:55  SCV  
  20  2:14  SCV  
  20  2:15  Factory  
  21  2:16  Refinery, Marine x2  
  23  2:28  Orbital Command  
  23  2:38  Supply Depot  
  23  2:50  Engineering Bay  
  23  2:52  Marine x2  
  23  2:55  SCV  
  26  3:00  SCV  
  27  3:06  Factory Tech Lab  
  27  3:12  SCV  
  28  3:17  Starport  
  28  3:18  Marine  
  28  3:21  Marine  
  28  3:24  SCV  
  30  3:36  Planetary Fortress  
  30  3:42  SCV  
  31  3:54  SCV  
  31  3:55  Missile Turret  
  31  3:59  Starport Reactor  
  26  4:06  SCV  
  22  4:18  SCV  
  23  4:30  SCV  
  22  4:33  Marine x2  
  22  4:42  SCV  
  22  4:46  Cyclone  
  22  4:51  Marine x2  
  25  4:54  SCV  
  26  5:06  SCV  
  25  5:09  Marine x2  
  24  5:18  SCV  
  27  5:27  Marine x2  
  29  5:30  Widow Mine, SCV  
  29  5:42  Viking  
  31  5:43  SCV  
  31  5:44  Marine  
  31  5:45  Missile Turret, Marine  
  34  5:54  SCV  
  34  5:59  Widow Mine  
  34  6:02  Marine x2  
  37  6:06  SCV  
  35  6:18  SCV  
  34  6:30  SCV  
  33  6:36  Marine  
  33  6:39  Widow Mine  
  37  6:42  SCV  
  37  7:04  Barracks  
  37  7:06  Barracks  
  37  7:07  Widow Mine, Barracks  
  39  7:22  Barracks  
  39  7:27  Barracks  
  39  7:30  Barracks  
  41  7:37  Marine  
  42  7:49  Cyclone  
  43  7:55  Marine  
  43  7:58  Marine x3  
  47  8:06  SCV  
  48  8:13  Marine  
  48  8:16  Marine x4  
  48  8:17  Marine x2  
  48  8:18  SCV  
  56  8:20  SCV  
  56  8:25  Factory Tech Lab  
  56  8:31  Marine, SCV  
  56  8:32  SCV  
  56  8:33  Marine x2  
  56  8:34  Marine  
  61  8:35  Supply Depot  
  61  8:40  Marine  
  62  8:43  SCV  
  62  8:44  SCV  
  61  8:51  Marine, Barracks Tech Lab  
  61  8:54  Barracks Tech Lab  
  61  8:55  SCV  
  61  9:00  Barracks Reactor  
  61  9:02  Barracks Reactor  
  52  9:05  Barracks Reactor  
  52  9:07  SCV  
  52  9:09  Marine  
  53  9:11  Stimpack  
  53  9:13  Marine x3  
  53  9:15  SCV  
  57  9:18  Refinery  
  57  9:21  Refinery  
  57  9:27  Marine, SCV  
  57  9:30  Marine  
  57  9:31  Marine x2  
  61  9:36  Combat Shields  
  62  9:43  Marine x3  
  62  9:45  Marine  
  66  9:48  Marine  
  66  9:49  Marine x2  
  68  9:59  SCV  
  69  10:01  Marine  
  69  10:06  Marine  
  70  10:07  Marine x2  
  70  10:08  Marine x3  
  70  10:11  SCV  
  70  10:12  Supply Depot, Marine  
  60  10:23  SCV  
  60  10:25  Marauder, Marine  
  60  10:26  Marauder  
  66  10:35  SCV  
  67  10:39  Medivac x2  
  71  10:44  SCV  
  70  10:55  Concussive Shells  
  70  10:56  SCV  
  71  11:08  SCV  
  71  11:09  Medivac x2  
  76  11:12  Command Center  
  76  11:13  Marine x2  
  76  11:14  Marine  
  76  11:15  Marine  
  80  11:20  Marauder, SCV  
  80  11:23  Marauder  
  85  11:32  Barracks Tech Lab  
  85  11:36  Barracks Tech Lab  
  85  11:46  Marine  
  86  11:57  Supply Depot  
  86  12:04  Armory  
  86  12:05  Marauder  
  86  12:06  Marine  
  86  12:13  Marine x5  
  86  12:14  Marauder  
  81  12:17  Orbital Command  
  70  12:26  Marauder  
  70  12:27  Marine x3  
  47  12:30  Marine x3  
  47  12:31  Marine x2  
  47  12:35  Orbital Command  
Show
View Real Time Build Order
Export as new Build Order

DuckKiller Terran 

Build Orders:  

Get SALT Encoding   

  12  0:01  Probe (Chrono Boost)  
  13  0:11  Probe (Chrono Boost)  
  14  0:22  Pylon  
  14  0:23  Probe (Chrono Boost)  
  15  0:40  Probe (Chrono Boost)  
  16  0:45  Gateway  
  16  0:49  Assimilator  
  16  0:50  Probe (Chrono Boost)  
  16  0:53  Assimilator  
  17  0:59  Pylon  
  17  1:02  Probe (Chrono Boost)  
  18  1:12  Probe (Chrono Boost)  
  19  1:23  Probe (Chrono Boost)  
  20  1:33  Probe (Chrono Boost), Cybernetics Core  
  21  1:44  Probe (Chrono Boost)  
  22  1:55  Probe (Chrono Boost)  
  23  2:05  Pylon, Warp Gate  
  23  2:06  Probe (Chrono Boost), Stalker  
  26  2:23  Stargate  
  26  2:27  Probe (Chrono Boost)  
  26  2:38  Stalker, Gateway  
  28  2:50  Mothership Core (Chrono Boost)  
  28  2:51  Pylon  
  30  3:02  Oracle  
  33  3:23  Probe (Chrono Boost)  
  34  3:33  Oracle  
  35  3:36  Nexus  
  35  4:02  Probe (Chrono Boost)  
  34  4:05  Gateway  
  34  4:07  Gateway  
  34  4:08  Oracle  
  34  4:10  Stalker  
  36  4:39  Oracle  
  36  4:42  Stalker  
  42  4:46  Probe (Chrono Boost)  
  42  4:48  Probe (Chrono Boost)  
  43  4:58  Probe (Chrono Boost)  
  44  5:24  Stalker x4  
  44  5:26  Probe (Chrono Boost)  
  44  5:27  Probe (Chrono Boost)  
  54  5:30  Assimilator  
  52  5:35  Assimilator  
  52  5:36  Probe (Chrono Boost)  
  52  5:39  Probe (Chrono Boost)  
  54  5:44  Pylon  
  54  5:47  Probe (Chrono Boost)  
  55  5:50  Forge  
  55  5:52  Twilight Council  
  55  5:56  Probe (Chrono Boost)  
  56  5:57  Probe (Chrono Boost)  
  52  6:30  Probe (Chrono Boost)  
  52  6:32  Probe (Chrono Boost)  
  54  6:37  Stalker x2  
  54  6:38  Stalker x2  
  60  6:41  Probe (Chrono Boost)  
  60  6:44  Probe (Chrono Boost)  
  58  6:51  Probe (Chrono Boost)  
  57  6:56  Probe (Chrono Boost), Oracle  
  57  6:57  Pylon, Nexus  
  57  7:00  Assimilator  
  57  7:01  Resonating Glaives  
  61  7:02  Assimilator, Probe (Chrono Boost)  
  61  7:07  Protoss Ground Weapons Level 1  
  61  7:08  Probe (Chrono Boost)  
  63  7:14  Probe (Chrono Boost)  
  64  7:20  Probe (Chrono Boost)  
  64  7:21  Templar Archives  
  65  7:26  Probe (Chrono Boost)  
  63  7:32  Probe (Chrono Boost)  
  63  7:34  Void Ray  
  64  7:40  Adept x2  
  74  7:45  Probe x2 (Chrono Boost)  
  74  7:56  Robotics Facility  
  74  7:58  Pylon  
  74  8:01  Pylon  
  76  8:13  Probe (Chrono Boost)  
  76  8:14  Probe x2 (Chrono Boost)  
  77  8:24  Void Ray  
  77  8:25  Adept x4  
  91  8:35  Probe x2 (Chrono Boost)  
  91  8:36  Probe (Chrono Boost)  
  84  9:02  Void Ray  
  86  9:03  Probe (Chrono Boost)  
  86  9:04  Protoss Ground Weapons Level 2, Probe (Chrono Boost)  
  86  9:08  Adept x4  
  98  9:16  Probe (Chrono Boost)  
  101  9:17  Probe x2 (Chrono Boost)  
  94  9:29  Probe (Chrono Boost)  
  92  9:32  Probe (Chrono Boost)  
  92  9:33  Probe (Chrono Boost)  
  92  9:36  Nexus  
  92  9:37  Observer  
  94  9:41  Probe (Chrono Boost)  
  94  9:44  Oracle  
  94  9:45  High Templar x3  
  101  9:46  Assimilator, High Templar  
  101  9:47  Assimilator  
  107  9:53  Warp Prism  
  107  10:04  Dark Shrine  
  101  10:27  Adept x2  
  101  10:28  Adept x2  
  105  10:29  Void Ray  
  109  10:38  Pylon  
  109  10:42  Psionic Storm  
  109  10:44  Pylon  
  109  10:45  Pylon  
  109  10:46  Probe (Chrono Boost)  
  109  10:48  Probe x2 (Chrono Boost), Pylon  
  108  10:50  Pylon  
  108  10:51  Pylon  
  108  10:52  Pylon  
  108  10:53  Pylon  
  108  10:56  Pylon  
  109  10:57  Probe (Chrono Boost)  
  109  10:58  High Templar x4  
  109  11:00  Probe x2 (Chrono Boost), Pylon  
  119  11:15  Gateway  
  119  11:16  Gateway  
  119  11:17  Gateway  
  119  11:21  Gateway x2  
  119  11:24  Gateway  
  119  11:30  Dark Templar  
  119  11:31  Dark Templar x2  
  119  11:32  Dark Templar  
  126  11:52  Forge  
  126  11:54  Forge, Pylon  
  126  12:00  Pylon  
  126  12:04  Dark Templar x3  
  126  12:05  Dark Templar  
  125  12:35  Archon  
  125  12:36  Archon x3  
  121  12:38  High Templar x2  
  121  12:39  High Templar x2  
  121  12:41  Probe (Chrono Boost)  
  121  12:42  Probe x2 (Chrono Boost)  
  121  12:43  Probe (Chrono Boost)  
  133  12:44  Observer  
  132  12:51  Gateway, Robotics Bay  
  132  12:53  Gateway  
  132  12:54  Gateway  
Show
View Real Time Build Order
Export as new Build Order

NightKnight Protoss 

Build Orders:  

Get SALT Encoding   

Show
View Real Time Build Order
Export as new Build Order

efelinto Protoss 

Build Orders:  

Get SALT Encoding   

Tags
 
Add a new tag
Caveats
  • Supply blocks, unpowered buildings, or Contaminate may cause inaccurate times.
  • Supply counts are checked every 10 seconds.